 Dungeon Crawl Stone Soup version 0.31.0-9-g3a7656b989 (webtiles) character file.

Game seed: 6458501707466694154

277 Kenran the Changeling (level 6, -2/30 HPs)
             Began as a Spriggan Shapeshifter on Feb 3, 2024.
             Slain by a bullfrog (7 damage)
             ... in a sewer.
             The game lasted 00:08:29 (3045 turns).

Kenran the Changeling (Spriggan Shapeshifter)       Turns: 3045, Time: 00:08:30

Health: -2/30      AC:  2    Str: 10    XL:     6   Next: 4%
Magic:  7/7        EV: 17    Int: 11    God:
Gold:   97         SH:  4    Dex: 17    Spells: 5/5 levels left

rFire   . .          .
                       - Unarmed
rCold   . . .        (no shield)
rNeg    . . .        a - +0 animal skin
rPois   .            (helmet currently unavailable)
rElec   .            (cloak currently unavailable)
rCorr   .            (gloves unavailable)
SInv    +            (boots unavailable)
Will    ++...        (no amulet)
Stlth   ++           (no ring)
HPRegen 0.25/turn    (no ring)
MPRegen 0.10/turn

%: no passive effects
@: beast-form, enlightened, flying, very quick
A: beast (slay +3), very small, no large weapons, unfitting armour, see
invisible, speed 3, large bone plates 1
a: Begin Untransformation


You were in a sewer.
You were a hulking beast.
You visited 1 branch of the dungeon, and saw 3 of its levels.
You also visited: Sewer.

You collected 97 gold pieces.

Inventory:

Armour
 a - a +0 animal skin (worn)
 e - a +0 cloak
Talismans
 c - a beast talisman
 d - a flux talisman
Wands
 j - a wand of light (11)
Scrolls
 f - a scroll of fog
 g - a scroll of amnesia
 k - a scroll of poison {unknown}
 l - a scroll of noise {unknown}
 m - a scroll of blinking {unknown}
Potions
 n - a potion of berserk rage {unknown}


   Skills:
 - Level 1.0 Fighting
 - Level 2.6 Dodging
 - Level 4.0 Unarmed Combat
 + Level 6.9 Shapeshifting


You had 5 spell levels left.
You didn't know any spells.
Your spell library contained the following spells:

 Spells                   Type           Power      Damage    Failure   Level
 Freeze                   Ice            0%         1d3       34%         1
 Shock                    Conj/Air       0%         1d3       34%         1
 Frozen Ramparts          Ice            0%         1d1       71%         3
 Hailstorm                Conj/Ice       0%         3d5       71%         3
 Swiftness                Air            0%         N/A       71%         3
 Airstrike                Air            0%         2d(0-16)  98%         4


Dungeon Overview and Level Annotations

Branches:
Dungeon (3/15)              Sewer (1/1)

Altars:
Uskayaw

Annotations:
D:3 1 runed translucent door, Artemis2's ghost, amateur GrEE


Innate Abilities, Weirdness & Mutations

You are a hulking beast.
Your limbs bulge with bestial killing power. (Slay +3)
You are very small and have problems with some larger weapons.
You are too small for most types of armour.
You have supernaturally acute eyesight. (SInv)
You cover ground extremely quickly. (Speed+++)
You are partially covered in large bone plates. (SH +4)


Message History

The bullfrog hits you. The bullfrog closely misses you.
The dart slug launches a dart at you. The slug dart hits you.
The bullfrog hits you.
You hit the bullfrog.
The bullfrog is moderately wounded.
The bullfrog misses you. x2; The bullfrog closely misses you.
You punch the bullfrog!
The bullfrog is severely wounded.
The bullfrog closely misses you. The dart slug bites you.
The bullfrog misses you.
Your unstable footing causes you to fumble your attack.
The bullfrog closely misses you. The bullfrog hits you.
The bullfrog closely misses you. The dart slug launches a dart at you.
The slug dart hits you. The bullfrog attacks as it pursues you!
The bullfrog misses you. The bullfrog hits you. The bullfrog barely misses you.
You see here a giant cockroach corpse.
The bullfrog hits you but does no damage.
The bullfrog hits you.
The bullfrog hits you but does no damage.
The bullfrog barely misses you.
The bullfrog hits you but does no damage.
The bullfrog attacks as it pursues you! The bullfrog hits you!
* * * LOW HITPOINT WARNING * * *
The bullfrog attacks as it pursues you! The bullfrog barely misses you. x2
The bullfrog closely misses you. The bullfrog barely misses you.
The bullfrog attacks as it pursues you! The bullfrog hits you.
* * * LOW HITPOINT WARNING * * *
The bullfrog completely misses you. The bullfrog misses you.
The bullfrog attacks as it pursues you! The bullfrog misses you.
The bullfrog closely misses you.
It was a potion of mutation.
You feel extremely strange.
Large bone plates grow over parts of your arms.
The bullfrog misses you. x3
It was a potion of enlightenment.
You feel very buoyant.
You fly up into the air.
The bullfrog barely misses you. x2
The bullfrog hits you!
You die...

≣ ≣≈≈≈≈≈~~.~~≈≈~≈≈~.≣
≣≣≣ ≣
≈≈≈≈~.~~.~≈~≈~≈~.≣ ≣
≣≈≈..~...~≈~≈~≈~.≣ ≣
≣≈~∩..~≈~~≈≈~≈≈~.≣ ≣
≣≈≈~~~≈≈w≈≈≈~≈≈~.≣ ≣
≣≈~≈≈≈~≈≈≈≈~≈≈÷.≣ ≣
≣≈≈≈≈~≈≈≈≈≈~~≈~.≣ ≣
≣≈≈~≈≈≈≈≈F.~≈~.≣
≣≣≣≣≣≣≣≣≈≈†≈w~~Fh~≈~.≣
~~~.~≈≈≈≈≈~~~~..~~≈~.≣
~~≈~≈≈≈≈≈~~~~~~~~≈≈~.≣
~≈≈≈≈≈≈≈≈≈≈≈≈≈≈≈≈≈~~.≣
~~~~~~~~~~~~~~~~~~~..≣
......~~~.~~~~~.....≣≣


≣≣≣≣≣≣≣≣≣≣≣≣≣≣≣≣≣≣≣≣≣ You could see 2 bullfrogs and 2 dart slugs.

Vanquished Creatures
  2 bombardier beetles
  A gnoll (D:1)
  10 adders
  A white imp (D:3)
  14 dart slugs
  An orc (D:3)
  5 ball pythons
  A bat (D:1)
  3 endoplasms
  10 giant cockroaches
  10 goblins
  5 hobgoblins
  2 jackals (D:2)
  A quokka (D:3)
  10 frilled lizards
  4 kobolds
  3 rats (D:1)
83 creatures vanquished.

Vanquished Creatures (others)
  A frilled lizard (Sewer)
1 creature vanquished.

Grand Total: 84 creatures vanquished

Notes
Turn   | Place    | Note
-------+----------+-------------------------------------------
     0 | D:1      | Kenran the Spriggan Shapeshifter began the quest for the
                  | Orb.
     0 | D:1      | Reached XP level 1. HP: 9/9 MP: 2/2
    91 | D:1      | Reached skill level 1 in Fighting
   175 | D:1      | Found a faded altar of an unknown god.
   245 | D:1      | Reached XP level 2. HP: 11/14 MP: 3/3
   600 | D:1      | Reached XP level 3. HP: 18/18 MP: 4/4
  1476 | D:2      | Reached XP level 4. HP: 19/22 MP: 5/5
  1998 | D:3      | Reached skill level 5 in Shapeshifting
  2117 | D:3      | Found a runed translucent door.
  2118 | D:3      | Noticed Artemis2's ghost (amateur GrEE)
  2177 | D:3      | Found a hide-covered altar of Uskayaw.
  2309 | D:2      | Reached XP level 5. HP: 15/25 MP: 6/6
  2392 | D:3      | Reached skill level 6 in Shapeshifting
  2567 | D:3      | Found a glowing drain.
  2577 | Sewer    | Entered a sewer
  2894 | Sewer    | Reached XP level 6. HP: 25/30 MP: 7/7
  3044 | Sewer    | Gained mutation: You are partially covered in large bone
                  | plates. (SH +4) [potion of mutation]
  3045 | Sewer    | Slain by a bullfrog

Illustrated notes

Levels and vault maps discovered:
D:1:      dpeg_arrival_chambers_temple_mockup, layout_basic,
          basic_ecumenical_altar, minmay_heptomino_d4
D:2:      layout_basic
D:3:      kennysheep_slugbush, layout_loops_ring, lemuel_doored_altar,
          lemuel_zombie_altar_yredelemnul, cheibrodos_sewer_entry_bend,
          gammafunk_ghost_grave
Sewer:    sewer_frog_island_01

Skill      XL: |  1  2  3  4  5 |
---------------+----------------+-----
Fighting       | 1 |  1.0
Unarmed Combat | 3 4 |  4.0
Shapeshifting  | 5 6 |  6.9
Dodging        | |  2.6

Action                     |  1- 3 |  4- 6 || total
---------------------------+-------+-------++-------
  Melee: Unarmed           |    71 |   138 ||   209
         Punch             |     1 |     6 ||     7
    Use: Scroll            |       |     2 ||     2
         Potion            |       |     3 ||     3
   Stab: Sleeping          |     3 |     2 ||     5
 Armour: Animal skin       |     9 |    65 ||    74
         Skin              |       |     6 ||     6
  Dodge: Dodged            |    43 |   153 ||   196
